 Dungeon Crawl Stone Soup version 0.29-a0-845-g6161e89988 (webtiles) character file.

Game seed: 4059662758391211914

5635 jfcaron the Nimble (level 10, -2/82 HPs)
             Began as a Gnoll Monk on July 14, 2022.
             Was a Priest of Dithmenos.
             Slain by Urug
             ... wielding a +4 great sword
              (28 damage)
             ... on level 10 of the Dungeon on July 15, 2022.
             The game lasted 00:32:58 (9903 turns).

jfcaron the Nimble (Gnoll Monk)                     Turns: 9903, Time: 00:32:59

Health: -2/82      AC: 16    Str: 15    XL:     10   Next: 74%
Magic:  27/27      EV: 16    Int: 10    God:    Dithmenos [***...]
Gold:   37         SH:  0    Dex: 14    Spells: 12/20 levels left

rFire   . . .      SeeInvis .   C - +2 dire flail (protect)
rCold   . . .      Faith    .   (shield currently unavailable)
rNeg    . . .      Spirit   .   M - +0 steam dragon scales
rPois   .          Reflect  .   w - +1 helmet
rElec   .          Harm     .   K - +0 cloak
rCorr   +          Rampage  .   (no gloves)
Will    .....                   (no boots)
Stlth   +++++.....              l - amulet of Vitality {RegenMP++ Regen++}
HPRegen 1.83/turn               v - ring of magical power
MPRegen 1.00/turn               a - ring of resist corrosion

@: under a protective aura, wreathed by umbra
A: fangs 1, strong nose, distributed training
a: Renounce Religion, Shadow Step


You were on level 10 of the Dungeon.
You worshipped Dithmenos.
Dithmenos was most pleased with you.
You visited 2 branches of the dungeon, and saw 11 of its levels.

You collected 557 gold pieces.
You spent 520 gold pieces at shops.

Inventory:

Hand Weapons
 h - a +3 scimitar of freezing
 n - the +8 shortbow "Melliyr" {speed, *Corrode rN+ Will- MP+9 Str+7}
   (You found it on level 8 of the Dungeon)

   Attacks with this weapon are significantly faster.
   Str:       It affects your strength (+7).
   rN:        It protects you from negative energy.
   MP:        It affects your magic capacity (+9).
   *Corrode:  It may corrode you when you take damage.
   Will:      It decreases your willpower.
 r - a +2 vampiric dagger
 C - a +2 dire flail of protection (weapon)
 H - a +0 rapier
 L - a +0 trident of venom
Missiles
 e - 33 stones
 i - 11 poisoned darts
 m - a curare-tipped dart {!f}
 x - 7 javelins
 O - a boomerang
Armour
 u - a scarf of repulsion
 w - a +1 helmet (worn)
 E - a +0 chain mail
 K - a +0 cloak (worn)
 M - +0 steam dragon scales (worn)
Magical Staves
 q - a staff of fire
Jewellery
 a - a ring of resist corrosion (right hand)
 l - the amulet of Vitality (around neck) {RegenMP++ Regen++}
   (You found it on level 2 of the Dungeon)

   [amulet of magic regeneration]

   It increases your rate of magic regeneration.
   Regen:     It increases your rate of health regeneration.
 v - a ring of magical power (left hand)
Wands
 o - a wand of acid (15)
 D - a wand of flame (2)
Scrolls
 b - 4 scrolls of fog {unknown}
 g - 4 scrolls of immolation
 p - 2 scrolls of vulnerability
 s - 5 scrolls of noise
 t - 3 scrolls of teleportation {unknown}
 y - a scroll of fear {unknown}
 A - 3 scrolls of enchant weapon {unknown}
 B - a scroll of enchant armour
 G - 2 scrolls of blinking {unknown}
 R - a scroll of poison {unknown}
Potions
 c - 2 potions of ambrosia
 d - 4 potions of heal wounds
 f - 3 potions of might
 j - 2 potions of invisibility
 k - a potion of cancellation {unknown}
 z - 2 potions of curing
 I - 2 potions of flight
 J - 3 potions of brilliance
 N - a potion of magic {unknown}
 P - 2 potions of degeneration {unknown}
 S - 2 potions of lignification {unknown}
 T - a potion of mutation {unknown}
Miscellaneous
 Q - a tin of tremorstones (2/2)


   Skills:
 + Level 8.8 Fighting
 + Level 5.8 Short Blades
 + Level 5.8 Long Blades
 + Level 5.8 Axes
 + Level 5.8 Maces & Flails
 + Level 8.8 Polearms
 + Level 5.8 Staves
 + Level 5.8 Ranged Weapons
 + Level 5.8 Throwing
 + Level 5.8 Armour
 + Level 8.8 Dodging
 + Level 7.2 Stealth
 + Level 5.8 Shields
 + Level 5.8 Unarmed Combat
 + Level 5.8 Spellcasting
 + Level 4.7 Conjurations
 + Level 4.7 Hexes
 + Level 4.7 Summonings
 + Level 4.7 Necromancy
 + Level 4.7 Translocations
 + Level 4.7 Transmutations
 + Level 4.7 Fire Magic
 + Level 4.7 Ice Magic
 + Level 4.7 Air Magic
 + Level 4.7 Earth Magic
 + Level 4.7 Poison Magic
 + Level 6.3 Invocations
 + Level 5.8 Evocations


You had 12 spell levels left.
You knew the following spells:

 Your Spells              Type           Power      Damage    Failure   Level
a - Scorch                Fire           24%        2d6       4%          2
b - Necrotise             Necr           48%        1d6       3%          1
c - Passwall              Tmut/Erth      10%        N/A       4%          2
d - Apportation           Tloc           24%        N/A       3%          1
e - Poisonous Vapours     Pois/Air       24%        N/A       4%          2

Your spell library contained the following spells:

 Spells                   Type           Power      Damage    Failure   Level
 Freeze                   Ice            48%        1d7       3%          1
 Sandblast                Erth           24%        2d8       3%          1
 Summon Small Mammal      Summ           48%        N/A       3%          1
 Frozen Ramparts          Ice            24%        1d4       9%          3
 Ignite Poison            Fire/Tmut/Pois 12%        N/A       9%          3
 Portal Projectile        Hex/Tloc       24%        N/A       9%          3
 Spider Form              Tmut/Pois      12%        N/A       9%          3
 Stone Arrow              Conj/Erth      24%        3d8       9%          3
 Tukima's Dance           Hex            12%        N/A       9%          3
 Flame Wave               Conj/Fire      12%        2d6       30%         4
 Ice Form                 Ice/Tmut       12%        N/A       30%         4
 Blade Hands              Tmut           6%         N/A       63%         5
 Conjure Ball Lightning   Conj/Air       6%         3x3d6     99%         6
 Eringya's Noxious Bog    Tmut/Pois      6%         N/A       99%         6
 Summon Cactus Giant      Summ           6%         N/A       99%         6
 Discord                  Hex            6%         N/A       100%        8
 Disjunction              Tloc           6%         N/A       100%        8


Dungeon Overview and Level Annotations

Branches:
Dungeon (10/15)            Temple (1/1) D:5            Lair (0/6) D:10
    Orc: D:9-12

Altars:
Ashenzari
Cheibriados
Dithmenos
Elyvilon
Fedhas
Gozag
Hepliaklqana
Kikubaaqudgha
Makhleb
Nemelex Xobeh
Okawaru
Qazlal
Ru
Sif Muna
Trog
Uskayaw
Vehumet
Wu Jian
Xom
Yredelemnul
Zin
The Shining One

Shops:
D:7 [   D:8 *

Annotations:
D:7 1 runed translucent door, killozap's ghost, novice OpCj
D:10 Urug


Innate Abilities, Weirdness & Mutations

You have very sharp teeth.
Your uncanny sense of smell can sniff out nearby items.
Your experience applies equally to all skills.


Message History

Urug convulses.
Urug seems to be slow for longer.
Urug is heavily wounded.
Urug hits you with a +4 great sword.
Casting: Poisonous Vapours (safe; 4% risk of failure)
Confirm with . or Enter, or press ? or * to list all spells.
Aiming: Poisonous Vapours (safe; 4% risk of failure)
Press: ? - help, Dir - move target, f/p - Urug
Aim: Urug, wielding a +4 great sword, wearing a +2 scale mail of cold resistance and quivering silver javelins (heavily wounded, very poisoned, slow, umbra) Poisonous vapours surround Urug!
Urug looks as sick as possible!
Urug grins evilly.
Urug hits you with a +4 great sword!
You barely miss Urug.
Urug is heavily wounded.
You closely miss Urug.
Urug is heavily wounded.
Urug hits you with a +4 great sword.
You closely miss Urug.
Urug is heavily wounded.
You hit Urug but do no damage.
Urug is heavily wounded.
Urug hits you with a +4 great sword!
You hit Urug but do no damage.
Urug is heavily wounded.
You barely miss Urug.
Urug is severely wounded.
Urug hits you with a +4 great sword!!
* * * LOW HITPOINT WARNING * * *
You feel the dreadful sensation subside.
Your +2 dire flail of protection hums with potential!
C - a +2 dire flail of protection (weapon)
You closely miss Urug.
Urug is severely wounded.
Urug misses you.
You sock Urug!
Your weapon exudes an aura of protection.
Urug is almost dead.
You hit Urug.
Urug is almost dead.
Urug hits you with a +4 great sword!!
You die...

#...........#
#...........#
#.###.)##+###
#.# #..+
#.###..#
#......#
#......#
#..##..##+##.
#..##@.......
#..##o.......
#..##........
#............
#......######
#....(.+
###.# .#


You could see Urug (very poisoned, slow).

Vanquished Creatures
  Pikel (D:4)
  A troll (D:10)
  Grinder (D:6)
  2 vampires
  A wyvern (D:10)
  2 steam dragons
  Edmund (D:4)
  Duvessa (D:4)
  An orc warrior (D:9)
  3 ice beasts
  A black bear (D:6)
  3 ogres
  3 wolves (D:10)
  3 centaurs
  A lemure (D:3)
  3 phantoms
  2 kobold brigands
  Blork the orc (D:4)
  2 gnoll sergeants
  A scorpion (D:6)
  Dowan (D:4)
  7 wights
  6 killer bees (D:8)
  4 howler monkeys (D:8)
  2 electric eels (D:10)
  10 hounds
  5 orc priests
  Crazy Yiuf (D:5)
  3 jellies
  3 iguanas
  7 orc wizards
  Robin (D:3)
  11 gnolls
  10 adders
  A shadow imp (D:6)
  2 white imps
  2 worms
  2 dart slugs
  17 orcs
  5 ball pythons
  4 endoplasms
  2 giant cockroaches (D:1)
  14 goblins
  6 hobgoblins
  6 jackals (D:1)
  21 kobolds
  3 quokkas
  7 bats
  2 frilled lizards
  2 rats
201 creatures vanquished.

Notes
Turn   | Place    | Note
-------+----------+-------------------------------------------
     0 | D:1      | jfcaron the Gnoll Monk began the quest for the Orb.
     0 | D:1      | Reached XP level 1. HP: 23/23 MP: 1/1
    87 | D:1      | Reached XP level 2. HP: 9/29 MP: 2/2
   816 | D:1      | Reached XP level 3. HP: 35/35 MP: 3/3
   979 | D:2      | Found a faded altar of an unknown god.
  1444 | D:2      | Found the amulet of Vitality {RegenMP++ Regen++}
  1768 | D:3      | Found a snail-covered altar of Cheibriados.
  1779 | D:3      | Reached skill level 1 in Invocations
  1788 | D:3      | Noticed Robin
  1812 | D:3      | Killed Robin
  1813 | D:3      | Reached skill level 1 in Short Blades
  1813 | D:3      | Reached skill level 1 in Long Blades
  1813 | D:3      | Reached skill level 1 in Axes
  1813 | D:3      | Reached skill level 1 in Maces & Flails
  1813 | D:3      | Reached skill level 1 in Staves
  1813 | D:3      | Reached skill level 1 in Ranged Weapons
  1813 | D:3      | Reached skill level 1 in Throwing
  1813 | D:3      | Reached skill level 1 in Armour
  1813 | D:3      | Reached skill level 1 in Shields
  1813 | D:3      | Reached skill level 1 in Unarmed Combat
  1813 | D:3      | Reached skill level 1 in Spellcasting
  1813 | D:3      | Reached skill level 1 in Evocations
  1821 | D:3      | Reached XP level 4. HP: 41/41 MP: 5/5
  2006 | D:3      | Noticed an ogre
  2024 | D:3      | Reached skill level 1 in Conjurations
  2024 | D:3      | Reached skill level 1 in Hexes
  2024 | D:3      | Reached skill level 1 in Summonings
  2024 | D:3      | Reached skill level 1 in Necromancy
  2024 | D:3      | Reached skill level 1 in Translocations
  2024 | D:3      | Reached skill level 1 in Transmutations
  2024 | D:3      | Reached skill level 1 in Fire Magic
  2024 | D:3      | Reached skill level 1 in Ice Magic
  2024 | D:3      | Reached skill level 1 in Air Magic
  2024 | D:3      | Reached skill level 1 in Earth Magic
  2024 | D:3      | Reached skill level 1 in Poison Magic
  2038 | D:3      | Killed an ogre
  2039 | D:3      | Reached XP level 5. HP: 46/47 MP: 7/7
  2467 | D:4      | Noticed Pikel
  2467 | D:4      | Noticed a lemure
  2467 | D:4      | Noticed a lemure
  2467 | D:4      | Noticed a lemure
  2467 | D:4      | Noticed a lemure
  2481 | D:3      | Killed a lemure
  2540 | D:4      | Reached XP level 6. HP: 53/53 MP: 8/8
  2665 | D:4      | You fall into a shaft and drop 2 floors!
  2872 | D:6      | Found a basalt altar of Yredelemnul.
  2986 | D:6      | Reached XP level 7. HP: 60/60 MP: 10/10
  3036 | D:6      | Reached skill level 5 in Stealth
  3078 | D:6      | Found a glowing golden altar of the Shining One.
  3260 | D:6      | Noticed Grinder
  3266 | D:6      | Paralysed by Grinder for 3 turns
  3279 | D:6      | Killed Grinder
  3280 | D:6      | Reached XP level 8. HP: 47/67 MP: 12/12
  3405 | D:5      | Entered Level 5 of the Dungeon
  3503 | D:5      | Got the Octavo of the Jolly Xeniums
  3568 | D:4      | Killed Pikel
  3672 | D:4      | Noticed Edmund
  3703 | D:4      | Killed Edmund
  3955 | D:4      | Noticed Duvessa
  3956 | D:4      | Noticed Dowan
  3964 | D:4      | Noticed Blork the orc
  3965 | D:4      | Killed Duvessa
  3966 | D:4      | Reached XP level 9. HP: 71/73 MP: 15/15
  3969 | D:4      | Killed Dowan
  3980 | D:4      | Killed Blork the orc
  4106 | D:4      | Found a broken altar of Ashenzari.
  4907 | D:6      | Found an ornate altar of the Wu Jian Council.
  5325 | D:5      | Found a runed translucent door.
  5326 | D:5      | Noticed Crazy Yiuf
  5570 | D:5      | Found a staircase to the Ecumenical Temple.
  5579 | Temple   | Entered the Ecumenical Temple
  5622 | Temple   | Became a worshipper of Dithmenos the Shadowed
  5622 | Temple   | Reached * piety under Dithmenos
  5622 | Temple   | Reached ** piety under Dithmenos
  5689 | D:5      | Killed Crazy Yiuf
  6000 | D:6      | Reached skill level 5 in Invocations
  6134 | D:7      | Upgraded the game from 0.29-a0-841-g116ddc6ace to
                  | 0.29-a0-845-g6161e89988
  6286 | D:7      | Found a snail-covered altar of Cheibriados.
  6286 | D:7      | Found Cheibriados's Comfort Zone.
  6403 | D:7      | Found a runed translucent door.
  6403 | D:7      | Noticed killozap's ghost (novice OpCj)
  6705 | D:7      | Found an opulent altar of Gozag.
  6975 | D:7      | Found an iron altar of Okawaru.
  7100 | D:7      | Found a hide-covered altar of Uskayaw.
  7303 | D:8      | Found Ryithrunu's Elemental Accessories.
  7326 | D:7      | Learned a level 2 spell: Scorch
  7328 | D:7      | Learned a level 1 spell: Necrotise
  7331 | D:7      | Learned a level 2 spell: Passwall
  7333 | D:7      | Learned a level 1 spell: Apportation
  7477 | D:8      | Got Ceona's Incunable of Viperous Elsewhere
  7481 | D:8      | Learned a level 2 spell: Poisonous Vapours
  7504 | D:8      | Found a sparkling altar of Nemelex Xobeh.
  7540 | D:8      | Reached skill level 5 in Short Blades
  7540 | D:8      | Reached skill level 5 in Long Blades
  7540 | D:8      | Reached skill level 5 in Axes
  7540 | D:8      | Reached skill level 5 in Maces & Flails
  7540 | D:8      | Reached skill level 5 in Staves
  7540 | D:8      | Reached skill level 5 in Ranged Weapons
  7540 | D:8      | Reached skill level 5 in Throwing
  7540 | D:8      | Reached skill level 5 in Armour
  7540 | D:8      | Reached skill level 5 in Shields
  7540 | D:8      | Reached skill level 5 in Unarmed Combat
  7540 | D:8      | Reached skill level 5 in Spellcasting
  7540 | D:8      | Reached skill level 5 in Evocations
  7540 | D:8      | Reached XP level 10. HP: 81/81 MP: 17/17
  7654 | D:8      | Found an ancient bone altar of Kikubaaqudgha.
  7665 | D:8      | Found a radiant altar of Vehumet.
  7696 | D:8      | Found a shimmering blue altar of Sif Muna.
  8096 | D:8      | Identified the +8 shortbow "Melliyr" {speed, *Corrode rN+
                  | Will- MP+9 Str+7}
  8795 | D:9      | Found a glowing silver altar of Zin.
  9214 | D:9      | Reached *** piety under Dithmenos
  9380 | D:8      | Bought a tin of tremorstones (2/2) for 520 gold pieces
  9400 | D:10     | Entered Level 10 of the Dungeon
  9698 | D:10     | Found a staircase to the Lair.
  9798 | D:10     | Found a blossoming altar of Fedhas.
  9813 | D:10     | Found a sacrificial altar of Ru.
  9869 | D:10     | Noticed Urug
  9903 | D:10     | Slain by Urug

Illustrated notes

Levels and vault maps discovered:
D:1:      amcnicky_arrival_choice, layout_rooms, minmay_misc_feat_chi,
          hex_intersection
D:2:      layout_basic, ebering_ecumenical_altar_webs, feat_on_display
D:3:      layout_loops_cross, lemuel_crystal_altar, grunt_ministairs_14,
          dk_noncrumbling_2, uniq_robin
D:4:      layout_gridville, nicolae_ashenzari_skybound, minmay_misc_feat_tower,
          uniq_duvessa, uniq_edmund, uniq_pikel, uniq_blork_the_orc
D:5:      minmay_inner_zag, layout_loops_corners, temple_hall,
          grunt_decor_mini_mirrors, uniq_crazy_yiuf_cottage
D:6:      layout_basic, mainiacjoe_overflow_24_doors, lemuel_tele_altar,
          lemuel_coloured_pillars_altar, minmay_misc_feat_doors, uniq_grinder
D:7:      layout_loops_corners, kennysheep_okawaru_gauntlet,
          grunt_gozag_breadcrumbs, nicolae_uskayaw_suspiria,
          gammafunk_ghost_grave, minmay_misc_feat_x,
          nicolae_concentric_dashed_squares_wild, minmay_shop_chei,
          chequers_serial_rivers_large_a
D:8:      layout_rooms, palyth_temple_overflow_mages, old_standard_altar,
          serial_aquarium, aquarium_bridge_square [aquarium_subvault_window,
          aquarium_subvault_window, aquarium_subvault_bridge,
          aquarium_subvault_bridge], aquarium_bridge_long_separate
          [aquarium_subvault_bridge, aquarium_subvault_bridge,
          aquarium_subvault_balcony, aquarium_subvault_window,
          aquarium_subvault_bridge, aquarium_subvault_bridge],
          aquarium_window_1, aquarium_window_1, aquarium_window_fake,
          aquarium_view_2b, aquarium_pool_split, nicolae_elemental_shop
D:9:      layout_basic, zin_statuary, roderic_lattice_a, minmay_hedge_maze,
          statue_in_the_mist_lemuel
D:10:     layout_stronghold, mainiacjoe_overflow_tiny_flanked,
          nicolae_ru_sacrificial_ziggurat, erik_lair_island, roderic_batcave,
          uniq_urug
Temple:   nicolae_temple_ecumenical_triangle

Skill      XL: |  1  2  3  4  5  6  7  8  9 10 |
---------------+-------------------------------+-----
Invocations    | 1 2 3 4 5 6 |  6.3
Short Blades   | 1 2 3 4 5 |  5.8
Long Blades    | 1 2 3 4 5 |  5.8
Axes           | 1 2 3 4 5 |  5.8
Maces & Flails | 1 2 3 4 5 |  5.8
Staves         | 1 2 3 4 5 |  5.8
Ranged Weapons | 1 2 3 4 5 |  5.8
Throwing       | 1 2 3 4 5 |  5.8
Armour         | 1 2 3 4 5 |  5.8
Shields        | 1 2 3 4 5 |  5.8
Unarmed Combat | 1 2 3 4 5 |  5.8
Spellcasting   | 1 2 3 4 5 |  5.8
Evocations     | 1 2 3 4 5 |  5.8
Conjurations   | 1 2 3 4 |  4.7
Hexes          | 1 2 3 4 |  4.7
Summonings     | 1 2 3 4 |  4.7
Necromancy     | 1 2 3 4 |  4.7
Translocations | 1 2 3 4 |  4.7
Transmutations | 1 2 3 4 |  4.7
Fire Magic     | 1 2 3 4 |  4.7
Ice Magic      | 1 2 3 4 |  4.7
Air Magic      | 1 2 3 4 |  4.7
Earth Magic    | 1 2 3 4 |  4.7
Poison Magic   | 1 2 3 4 |  4.7
Fighting       | 7 8 |  8.8
Polearms       | 7 8 |  8.8
Dodging        | 7 8 |  8.8
Stealth        | 5 6 7 |  7.2

Action                   |  1- 3 |  4- 6 |  7- 9 | 10-12 || total
-------------------------+-------+-------+-------+-------++-------
Melee: Spear             |    71 |       |       |       ||    71
       Bite              |     3 |     8 |    42 |    15 ||    68
       Punch             |     1 |       |       |     1 ||     2
       Falchion          |    24 |    79 |    63 |       ||   166
       Dire flail        |       |       |   192 |    90 ||   282
       Trident           |       |       |    11 |     5 ||    16
       Dagger            |       |       |     1 |    35 ||    36
 Fire: Shortbow          |       |       |       |    91 ||    91
Throw: Stone             |    20 |    23 |    19 |       ||    62
       Javelin           |     5 |     6 |    14 |       ||    25
       Throwing net      |       |     1 |     3 |     1 ||     5
       Dart              |       |     2 |     8 |     3 ||    13
 Cast: Necrotise         |       |       |     3 |       ||     3
       Poisonous Vapours |       |       |       |    14 ||    14
       Scorch            |       |       |       |     3 ||     3
Evoke: Wand              |       |    15 |     2 |     5 ||    22
  Use: Scroll            |       |     8 |     3 |     1 ||    12
 Stab: Sleeping          |     5 |     4 |     3 |     7 ||    19
       Held in net/web   |       |       |     1 |       ||     1
Armor: Robe              |     5 |       |       |       ||     5
       Leather armour    |    11 |     8 |       |       ||    19
       Scale mail        |       |    12 |    71 |       ||    83
       Chain mail        |       |       |    55 |       ||    55
       Steam dragon scal |       |       |     7 |    39 ||    46
Dodge: Dodged            |    66 |    62 |   181 |   108 ||   417
       Repelled          |       |     3 |     1 |       ||     4

Table legend: (Time is in decaauts)
 A = Elapsed time spent in this place.
 B = Non-inter-level travel time spent in this place.
 C = Inter-level travel time spent in this place.
 D = Time resting spent in this place.
 E = Time spent auto-exploring this place.
 F = Levels seen in this place.
 G = Mean time per level.
                   A        B        C        D        E       F      G
               +--------+--------+--------+--------+--------+-----+--------+
         Total |   9930 |   9307 |    623 |    899 |   6480 |  11 |  902.7 |
       Dungeon |   9881 |   9262 |    619 |    899 |   6448 |  10 |  988.1 |
        Temple |     48 |     44 |      4 |      0 |     32 |   1 |   48.0 |
               +--------+--------+--------+--------+--------+-----+--------+

Top non-repeatable levels by time:
     D:6: 1437 daAuts
     D:7: 1342 daAuts
     D:5: 1175 daAuts
     D:9: 1048 daAuts
     D:4: 991 daAuts
     D:1: 899 daAuts
     D:8: 886 daAuts
     D:2: 849 daAuts
     D:3: 769 daAuts
    D:10: 481 daAuts
  Temple: 48 daAuts
